 Dungeon Crawl Stone Soup version 0.27-b1-23-g44b8eac545 (webtiles) character file.

Game seed: 15044408958270538466

347 ZARRMARR the Covered (level 6, -1/53 HPs)
             Began as a Minotaur Fighter on July 28, 2021.
             Was an Initiate of Zin.
             Succumbed to a kobold brigand's curare-tipped dart
             ... in a sewer.
             The game lasted 00:16:37 (2471 turns).

ZARRMARR the Covered (Minotaur Fighter)             Turns: 2471, Time: 00:16:37

Health: -1/53      AC:  7    Str: 22    XL:     6   Next: 33%
Magic:  5/5        EV:  8    Int:  5    God:    Zin [......]
Gold:   30         SH: 10    Dex: 10    Spells: 5/5 levels left

rFire    . . .     SeeInvis .   a - +0 flail
rCold    . . .     Faith    .   c - +0 kite shield
rNeg     . . .     Spirit   .   b - +0 scale mail
rPois    .         Reflect  .   (helmet restricted)
rElec    .         Harm     .   (no cloak)
rCorr    .         Rampage  .   (no gloves)
Will     .....                  (no boots)
Stlth    ..........             (no amulet)
HPRegen  0.17/turn              (no ring)
MPRegen  0.09/turn              (no ring)

@: lethally poisoned (-1 -> -6), slowed, very slow
A: horns 2, retaliatory headbutt
a: Renounce Religion, Donate Gold


You were in a sewer.
You worshipped Zin.
Zin was noncommittal.
You visited 1 branch of the dungeon, and saw 4 of its levels.
You also visited: Sewer.

You collected 67 gold pieces.
You donated 37 gold pieces to Zin.

Inventory:

Hand Weapons
 a - a +0 flail (weapon)
Missiles
 f - 8 poisoned darts (quivered)
Armour
 b - a +0 scale mail (worn)
 c - a +0 kite shield (worn)
Scrolls
 g - a scroll of blinking
 k - a scroll of torment {unknown}
Potions
 e - 2 potions of flight
 j - a potion of brilliance


   Skills:
 + Level 4.6 Fighting
 + Level 4.6 Maces & Flails
 + Level 0.7 Throwing
 + Level 5.2 Armour
 + Level 2.1 Dodging
 + Level 5.1 Shields


You had 5 spell levels left.
You didn't know any spells.
Your spell library was empty.

Dungeon Overview and Level Annotations

Branches:
Dungeon (4/15)              Sewer (1/1)
 Temple: D:4-7

Altars:
Zin


Innate Abilities, Weirdness & Mutations

You have a pair of horns on your head.
You reflexively headbutt those who attack you in melee.


Message History

Aim: a kobold brigand, wielding a +0 dagger and quivering curare-tipped darts (lightly wounded, very poisoned, 50% to hit)
You throw a poisoned dart.
The poisoned dart hits the kobold brigand.
The kobold brigand looks even sicker.
The kobold brigand is lightly wounded.
You hear a splash.
You feel very sick.
You feel sick.
Throw: 10 darts (poison)
Press: ? - help, Q - select action Shift-Dir - straight line, f/p - kobold brigand
Aim: a kobold brigand, wielding a +0 dagger and quivering curare-tipped darts (heavily wounded, very poisoned, 50% to hit)
You throw a poisoned dart.
The poisoned dart closely misses the kobold brigand.
You feel sick.
The kobold brigand throws a curare-tipped dart.
The curare-tipped dart closely misses you.
Throw: 9 darts (poison)
Press: ? - help, Q - select action Shift-Dir - straight line, f/p - kobold brigand
Aim: a kobold brigand, wielding a +0 dagger and quivering curare-tipped darts (heavily wounded, very poisoned, 50% to hit)
You throw a poisoned dart.
The poisoned dart hits the kobold brigand.
The kobold brigand looks even sicker.
The kobold brigand is heavily wounded.
You hear a splash.
You feel sick.
The kobold brigand throws a curare-tipped dart.
The curare-tipped dart hits you.
You are lethally poisoned!
You have difficulty breathing.
* * * LOW HITPOINT WARNING * * *
You feel as though you will be slow longer.
The kobold brigand throws a curare-tipped dart.
You block the curare-tipped dart.
* * * LOW HITPOINT WARNING * * *
You feel very sick.
The kobold brigand throws a curare-tipped dart.
The curare-tipped dart barely misses you.
* * * LOW HITPOINT WARNING * * *
You feel very sick.
You die...

###### ###### #....#
#....# #!!∩.# #.∩..#
#?.K.#####....#
#.KKK#≈≈≈#@...#
###'K##≈≈≈##))##
#..≈≈≈≈≈≈≈#≈≈..###
#..≈≈≈#≈≈≈#≈(≈...#
#...≈≈#K≈≈#≈.≈...##
#..≈≈P#≈≈≈#.(.....#
#.....#K≈≈#≈(.....#
#.....#≈≈≈#≈.(....#
##....#≈≈≈#≈≈P....##


There were no monsters in sight!

Vanquished Creatures
  A phantom (D:3)
  2 kobold brigands (Sewer)
  5 adders
  2 river rats (D:3)
  2 worms (D:3)
  3 dart slugs
  2 orcs (D:3)
  2 bats
  2 endoplasms
  4 giant cockroaches
  4 goblins
  3 hobgoblins
  3 jackals (D:1)
  2 quokkas (D:1)
  5 ball pythons
  3 frilled lizards
  8 kobolds
  11 rats
64 creatures vanquished.

Vanquished Creatures (others)
  25 plants
25 creatures vanquished.

Grand Total: 89 creatures vanquished

Notes
Turn   | Place    | Note
-------+----------+-------------------------------------------
     0 | D:1      | ZARRMARR the Minotaur Fighter began the quest for the Orb.
     0 | D:1      | Reached XP level 1. HP: 19/19 MP: 0/0
   275 | D:1      | Reached XP level 2. HP: 27/27 MP: 1/1
   777 | D:1      | Reached XP level 3. HP: 29/33 MP: 2/2
   997 | D:2      | You fall into a shaft and drop 2 floors!
  1235 | D:3      | Found a glowing silver altar of Zin.
  1235 | D:3      | Noticed an angel
  1243 | D:3      | Became a worshipper of Zin the Law-Giver
  1324 | D:3      | Noticed a phantom
  1330 | D:3      | Killed a phantom
  1331 | D:3      | Reached skill level 1 in Dodging
  1331 | D:3      | Reached XP level 4. HP: 29/40 MP: 3/3
  1499 | D:3      | Reached XP level 5. HP: 45/46 MP: 4/4
  1743 | D:3      | Found a glowing drain.
  1751 | Sewer    | Entered a sewer
  1991 | Sewer    | Donated 31 gold pieces to Zin
  2170 | Sewer    | Reached XP level 6. HP: 44/53 MP: 5/5
  2257 | Sewer    | Reached skill level 5 in Armour
  2306 | Sewer    | HP: 2/53 [poisoned by a kobold brigand]
  2323 | Sewer    | Reached skill level 5 in Shields
  2470 | Sewer    | HP: 1/53 [poisoned by a kobold brigand (curare-tipped
                  | dart)]
  2471 | Sewer    | Succumbed to a kobold brigand's curare-tipped dart

Illustrated notes

Levels and vault maps discovered:
D:1:      roderic_crop_circles_arrival_small, layout_loops_ring,
          chequers_serial_rivers_small_b, chequers_serial_rivers_small_a
D:2:      cheibrodos_old_hovel, layout_rooms, basic_altar,
          ebering_ecumenical_altar_rust, uniq_crazy_yiuf_cottage
D:3:      layout_basic, mainiacjoe_overflow_surrounded_room, zin_angel,
          lightli_sewer_entry_pipes
D:4:      layout_rooms, nicolae_ashenzari_panopticon,
          nicolae_overflow_hidden_temple
Sewer:    kennysheep_pipe_town

Skill      XL: |  1  2  3  4  5  6 |
---------------+-------------------+-----
Shields        | 4 5 |  5.1
Armour         | 4 5 |  5.2
Fighting       | 4 |  4.6
Maces & Flails | 3 4 |  4.6
Dodging        | 1 2 |  2.1
Throwing       | |  0.7

Action                   |  1- 3 |  4- 6 || total
-------------------------+-------+-------++-------
Melee: Flail             |    73 |   114 ||   187
       Headbutt          |    14 |    14 ||    28
Throw: Dart              |       |    18 ||    18
Invok: Donate Gold       |     1 |     1 ||     2
  Use: Scroll            |     2 |     1 ||     3
       Potion            |     1 |     4 ||     5
Armor: Scale mail        |    33 |    37 ||    70
Dodge: Dodged            |    26 |    50 ||    76
Block: Kite shield       |    33 |    74 ||   107
